 Dungeon Crawl Stone Soup version 0.28.0 (webtiles) character file.

Game seed: 11398014314290048125

69 trckry the Caller (level 4, -3/49 HPs)
             Began as a Demonspawn Wanderer on Feb 12, 2022.
             Was a Believer of Trog.
             Slain by a sky beast (5 damage)
             ... on level 3 of the Dungeon.
             The game lasted 00:03:14 (2768 turns).

trckry the Caller (Demonspawn Wanderer)             Turns: 2768, Time: 00:03:15

Health: -3/49      AC:  2    Str: 14    XL:     4   Next: 2%
Magic:  7/7        EV: 12    Int: 13    God:    Trog [**....]
Gold:   95         SH:  0    Dex: 13    Spells: 6/7 levels left

rFire   . . .      SeeInvis .   h - +3 quarterstaff (chaos)
rCold   . . .      Faith    .   (shield currently unavailable)
rNeg    . . .      Spirit   .   b - +0 robe
rPois   .          Reflect  .   (helmet restricted)
rElec   .          Harm     .   (no cloak)
rCorr   .          Rampage  .   (no gloves)
Will    .....                   (no boots)
Stlth   ..........              (no amulet)
HPRegen 0.16/turn               (no ring)
MPRegen 0.10/turn               (no ring)

@: berserking, very quick
A: horns 1
a: Renounce Religion, Berserk, Trog's Hand


You were on level 3 of the Dungeon.
You worshipped Trog.
Trog was pleased with you.
You visited 1 branch of the dungeon, and saw 3 of its levels.

You collected 95 gold pieces.

Inventory:

Hand Weapons
 g - a +0 rapier
 h - a +3 quarterstaff of chaos (weapon)
Armour
 a - a +0 cloak
 b - a +0 robe (worn)
Jewellery
 d - a +6 ring of dexterity
Scrolls
 c - a scroll of enchant weapon {unknown}
 e - a scroll of fog {unknown}
 f - a scroll of blinking {unknown}
Potions
 i - a potion of haste {unknown}


   Skills:
 + Level 2.0 Fighting
 - Level 2.6 Short Blades
 + Level 1.9 Armour
 + Level 1.4 Dodging
 * Level 1.5 Unarmed Combat
 - Level 2.0 Spellcasting
 - Level 3.0 Summonings


You had 6 spell levels left.
You knew the following spells:

 Your Spells              Type           Power      Damage    Failure   Level
a - Summon Small Mammal   Summ           36%        N/A       8%          1

Your spell library contained the following spells:

 Spells                   Type           Power      Damage    Failure   Level
 Call Canine Familiar     Summ           9%         N/A       22%         3


Dungeon Overview and Level Annotations

Branches:
Dungeon (3/15)

Altars:
Trog


Innate Abilities, Weirdness & Mutations

You have a pair of small horns on your head.


Message History

Found a bubbling emerald potion.
The rat bites you but does no damage.
You barely miss the rat. The rat barely misses you. x2
You hit the rat. You freeze the rat.
You kill the rat!
Trog accepts your kill.
No target in view!
HP restored.
Found a robe.
You see here a rat corpse.
Found a stone staircase leading up.
A sky beast comes into view.
The sky beast flickers out of sight!
Deactivating autopickup; reactivate with Ctrl-A.
There is a stone staircase leading down here.
There is a stone staircase leading up here.
Something hits you. Something shocks you.
You hit something but do no damage. Something hits you but does no damage.
You miss something. Something hits you. Something shocks you.
A sky beast appears from thin air!
Reactivating autopickup.
The sky beast closely misses you.
A red film seems to cover your vision as you go berserk!
You feel yourself moving faster!
You feel mighty! The sky beast misses you.
You closely miss the sky beast. Your headbutt misses the sky beast.
You hit the sky beast.
The sky beast suddenly seems more agile.
The sky beast is moderately wounded.
The sky beast hits you. The sky beast shocks you.
You closely miss the sky beast.
The sky beast is moderately wounded.
The sky beast flickers out of sight!
Deactivating autopickup; reactivate with Ctrl-A.
Something hits you.
* * * LOW HITPOINT WARNING * * *
Something shocks you.
* * * LOW HITPOINT WARNING * * *
You bludgeon something!! Something hits you.
* * * LOW HITPOINT WARNING * * *
Something shocks you.
You die...

######## ##......##
##........##
#..........#
#.....<....#
#....{@....#
#####..........#
###.....†........#
.[..............##
.##..............#
..##...............#
.......>.............
###.#####$.........##
. #..!.......#


There were no monsters in sight!

Vanquished Creatures
  Crazy Yiuf (D:2)
  An adder (D:2)
  3 endoplasms
  3 giant cockroaches
  2 goblins
  5 hobgoblins
  A quokka (D:1)
  2 ball pythons (D:2)
  5 bats
  A frilled lizard (D:1)
  2 kobolds (D:1)
  5 rats
31 creatures vanquished.

Vanquished Creatures (others)
  A fungus (D:2)
  4 toadstools (D:1)
5 creatures vanquished.

Grand Total: 36 creatures vanquished

Notes
Turn   | Place    | Note
-------+----------+-------------------------------------------
     0 | D:1      | trckry the Demonspawn Wanderer began the quest for the Orb.
     0 | D:1      | trckry set off with the following items: a +3 short sword,
                  | a +0 robe; and the following spell memorised: Summon Small
                  | Mammal; and the following spells available to memorise:
                  | Call Canine Familiar
     0 | D:1      | Reached XP level 1. HP: 15/15 MP: 3/3
     9 | D:1      | Found a faded altar of an unknown god.
    17 | D:1      | Prayed at the altar of an unknown god.
    17 | D:1      | Became a worshipper of Trog the Wrathful
    17 | D:1      | Reached * piety under Trog
   547 | D:1      | Discovered your monstrous ancestry.
   547 | D:1      | Gained mutation: You have a pair of small horns on your
                  | head. [demonic ancestry]
   547 | D:1      | Reached XP level 2. HP: 21/21 MP: 5/5
  1589 | D:2      | Reached skill level 1 in Dodging
  2034 | D:2      | Reached XP level 3. HP: 27/27 MP: 6/6
  2283 | D:2      | Reached skill level 1 in Unarmed Combat
  2308 | D:2      | Found a runed translucent door.
  2309 | D:2      | Noticed Crazy Yiuf
  2317 | D:2      | Killed Crazy Yiuf
  2624 | D:2      | Reached ** piety under Trog
  2693 | D:3      | Reached XP level 4. HP: 27/33 MP: 7/7
  2748 | D:3      | Noticed a sky beast
  2767 | D:3      | HP: 5/49 [something (5)]
  2768 | D:3      | HP: 2/49 [something (3)]
  2768 | D:3      | Slain by a sky beast

Illustrated notes

Levels and vault maps discovered:
D:1:      ldierk_walled_garden_2, layout_loops_ring,
          dreamdust_ecumenical_altar_statues
D:2:      layout_loops_corners, uniq_crazy_yiuf_cottage
D:3:      layout_rooms, zin_statuary, kennysheep_small_spiral,
          minmay_misc_feat_square, grunt_ministairs_2

Skill      XL: |  1  2  3 |
---------------+----------+-----
Dodging        | 1 |  1.4
Unarmed Combat | 1 |  1.5
Fighting       | 2 |  2.0
Short Blades   | |  2.6
Armour         | |  1.9
Spellcasting   | |  2.0
Summonings     | |  3.0

Action                   |  1- 3 |  4- 6 || total
-------------------------+-------+-------++-------
Melee: Short sword       |    72 |       ||    72
       Headbutt          |     4 |       ||     4
       Punch             |     1 |       ||     1
       Quarterstaff      |     6 |     8 ||    14
       Rapier            |     5 |       ||     5
Invok: Berserk           |     1 |     1 ||     2
 Stab: Sleeping          |     3 |       ||     3
Armor: Robe              |    14 |     2 ||    16
Dodge: Dodged            |    39 |     4 ||    43
